MLB
SAN DIEGO PADRES @ DETROIT TIGERS
08/15/2098
 
TOP OF THE 1ST
San Diego Padres batting - Pitching for Detroit Tigers : RHP Diego Garzon
Pitching: RHP Diego Garzon
Batting: LHB Eric Schoonover 0-0: DOUBLE (Flyball, 89D, EV 105.0 MPH)
Batting: RHB Maxwell Judson 0-0: Ground out 6-3 (Groundball, 6, EV 90.6 MPH)
Batting: RHB Jose Barillas 0-0: Ball
1-0: Ball
2-0: Foul Ball, location: 9LMF
2-1: Foul Ball, location: 2RF
2-2: Fly out, F8 (Line Drive, 89D, EV 111.3 MPH)
Runner from 2nd tags up, SAFE at 3rd, no throw by CF
Batting: RHB Tony Woody 0-0: Ball
1-0: Foul Ball, location: 7LMFF
1-1: Ball
2-1: Foul Ball, location: 9LDF
2-2: Strikes out swinging
Top of the 1st over - 0 runs, 1 hit, 0 errors, 1 left on base; San Diego 0 - Detroit 0
BOTTOM OF THE 1ST
Detroit Tigers batting - Pitching for San Diego Padres : RHP Chris Penn
Pitching: RHP Chris Penn
Batting: LHB Tim Wilson 0-0: Ball
1-0: Ball
2-0: SINGLE (Line Drive, 56D, EV 101.9 MPH)
Batting: RHB Allan Alessi 0-0: Called Strike
Tim Wilson steals 2nd base
0-1: Ground out 4-3 (Groundball, 4M, EV 100.6 MPH)
Tim Wilson to third
Batting: SHB Mike Knighten 0-0: Ball
1-0: Fly out, F9 (Flyball, 9D, EV 103.1 MPH)
Runner from 3rd tags up, OUT at HOME! 9-2
Bottom of the 1st over - 0 runs, 1 hit, 0 errors, 0 left on base; San Diego 0 - Detroit 0
TOP OF THE 2ND
San Diego Padres batting - Pitching for Detroit Tigers : RHP Diego Garzon
Batting: RHB Chris Santos 0-0: Swinging Strike
0-1: Ball
1-1: Foul Ball, location: 5DF
1-2: DOUBLE (Flyball, 9LD, EV 95.6 MPH)
Batting: RHB Anibal Araldes 0-0: Ball
1-0: Ball
2-0: Called Strike
2-1: Foul Ball, location: 9LSF
2-2: Ball
3-2: Foul Ball, location: 9LDF
3-2: Foul Ball, location: 2F
3-2: Fly out, F9 (Flyball, 89S, EV 86.3 MPH)
Batting: LHB Jamie Wortman 0-0: Ball
1-0: Swinging Strike
1-1: Ball
2-1: Foul Ball, location: 2F
2-2: Ball
3-2: Base on Balls
Batting: LHB R.J. Correll 0-0: Ball
1-0: Called Strike
1-1: Ball
2-1: Foul Ball, location: 5F
2-2: Foul Ball, location: 2LF
2-2: Ball
3-2: Fielders Choice at 2nd, 3-6 (Groundball, 34, EV 100.6 MPH)
Chris Santos to third
Batting: RHB Alfredo Beltran 0-0: Ball
1-0: Foul Ball, location: 3F
1-1: SINGLE (Groundball, 4MD, EV 95.6 MPH)
Chris Santos scores
R.J. Correll to second
Runner from 2nd tries for 3rd, SAFE, no throw by CF
Batting: LHB Eric Schoonover 0-0: Ball
1-0: Called Strike
1-1: Foul Ball, location: 25FF
1-2: Fielders Choice at 2nd, 6-4 (Groundball, 6, EV 86.3 MPH)
Top of the 2nd over - 1 run, 2 hits, 0 errors, 2 left on base; San Diego 1 - Detroit 0
BOTTOM OF THE 2ND
Detroit Tigers batting - Pitching for San Diego Padres : RHP Chris Penn
Batting: SHB Mang He 0-0: Swinging Strike
0-1: Foul Ball, location: 2F
0-2: Foul Ball, location: 7LDF
0-2: Ball
1-2: Fly out, F7 (Flyball, 7, EV 94.4 MPH)
Batting: LHB Denny Marshall 0-0: Ball
1-0: Fly out, F9 (Flyball, 9D, EV 105.0 MPH)
Batting: LHB Brad Black 0-0: Ball
1-0: Swinging Strike
1-1: Foul Ball, location: 2F
1-2: Fly out, F7 (Line Drive, 7, EV 91.9 MPH)
Bottom of the 2nd over - 0 runs, 0 hits, 0 errors, 0 left on base; San Diego 1 - Detroit 0
TOP OF THE 3RD
San Diego Padres batting - Pitching for Detroit Tigers : RHP Diego Garzon
Batting: RHB Maxwell Judson 0-0: Foul Ball, location: 7LSF
0-1: Ball
1-1: Foul Ball, location: 5FF
1-2: Ball
2-2: Ball
3-2: SINGLE (Groundball, 34D, EV 103.8 MPH)
Batting: RHB Jose Barillas 0-0: Ball
1-0: Fly out, F7 (Flyball, 8LS, EV 100.0 MPH)
Batting: RHB Tony Woody 0-0: Ball
1-0: Fly out, F5 (Line Drive, 5L, EV 65.6 MPH)
Batting: RHB Chris Santos 0-0: Called Strike
0-1: Foul Ball, location: 2F
0-2: Ground out 4-3 (Groundball, 34, EV 88.8 MPH)
Top of the 3rd over - 0 runs, 1 hit, 0 errors, 1 left on base; San Diego 1 - Detroit 0
BOTTOM OF THE 3RD
Detroit Tigers batting - Pitching for San Diego Padres : RHP Chris Penn
Batting: RHB Fethi Yazîcîzâde 0-0: Ball
1-0: Ball
2-0: Ball
3-0: Foul Ball, location: 2F
3-1: Called Strike
3-2: Strikes out looking
Batting: LHB Philip Clark 0-0: Ball
1-0: Swinging Strike
1-1: Swinging Strike
1-2: Strikes out looking
Batting: LHB Jason Schneider 0-0: Ball
1-0: Ball
2-0: Swinging Strike
2-1: Swinging Strike
2-2: Ball
3-2: Strikes out swinging
Bottom of the 3rd over - 0 runs, 0 hits, 0 errors, 0 left on base; San Diego 1 - Detroit 0
TOP OF THE 4TH
San Diego Padres batting - Pitching for Detroit Tigers : RHP Diego Garzon
Batting: RHB Anibal Araldes 0-0: Ball
1-0: Ball
2-0: Ball
3-0: Called Strike
3-1: Base on Balls
Batting: LHB Jamie Wortman 0-0: Grounds into double play, 5-4-3 (Groundball, 5, EV 109.4 MPH)
Batting: LHB R.J. Correll 0-0: Foul Ball, location: 3FF
0-1: Ball
1-1: Swinging Strike
1-2: Ball
2-2: Strikes out looking
Top of the 4th over - 0 runs, 0 hits, 0 errors, 0 left on base; San Diego 1 - Detroit 0
BOTTOM OF THE 4TH
Detroit Tigers batting - Pitching for San Diego Padres : RHP Chris Penn
Pitching: RHP Jamal Grasty
Batting: LHB Tim Wilson 0-0: Ball
1-0: Ball
2-0: Called Strike
2-1: SINGLE (Groundball, 25, EV 70.0 MPH) (infield hit)
Batting: RHB Allan Alessi 0-0: Ball
1-0: Called Strike
1-1: SINGLE (Groundball, P, EV 88.1 MPH) (infield hit)
Tim Wilson to second
Batting: SHB Mike Knighten 0-0: Ball
1-0: Swinging Strike
1-1: Ball
2-1: Foul Ball, location: 2F
2-2: Strikes out looking
Batting: SHB Mang He 0-0: Ball
1-0: Ball
2-0: Called Strike
2-1: Fly out, F3 (Popup, 3L, EV 66.9 MPH)
Batting: LHB Denny Marshall 0-0: Called Strike
0-1: Called Strike
0-2: Strikes out swinging
Bottom of the 4th over - 0 runs, 2 hits, 0 errors, 2 left on base; San Diego 1 - Detroit 0
TOP OF THE 5TH
San Diego Padres batting - Pitching for Detroit Tigers : RHP Diego Garzon
Batting: RHB Alfredo Beltran 0-0: Ball
1-0: Swinging Strike
1-1: Ball
2-1: SINGLE (Line Drive, 8RS, EV 84.4 MPH)
Batting: LHB Eric Schoonover 0-0: Foul Ball, location: 2F
0-1: Ball
1-1: Ball
2-1: Swinging Strike
2-2: Strikes out swinging
Batting: RHB Maxwell Judson 0-0: Called Strike
0-1: Ball
1-1: Ball
2-1: Fly out, F8 (Flyball, 89D, EV 91.9 MPH)
Pitching: LHP Victor Casas
Batting: RHB Jose Barillas 0-0: Called Strike
0-1: Foul Ball, location: 9LSF
0-2: Strikes out looking
Top of the 5th over - 0 runs, 1 hit, 0 errors, 1 left on base; San Diego 1 - Detroit 0
BOTTOM OF THE 5TH
Detroit Tigers batting - Pitching for San Diego Padres : RHP Jamal Grasty
Batting: LHB Brad Black 0-0: Ball
1-0: Foul Ball, location: 9LMF
1-1: Ball
2-1: Called Strike
2-2: Ball
3-2: Strikes out swinging
Batting: RHB Fethi Yazîcîzâde 0-0: Ball
1-0: Called Strike
1-1: Ball
2-1: DOUBLE (Flyball, 89XD, EV 104.4 MPH)
Batting: LHB Philip Clark 0-0: Ball
1-0: Foul Ball, location: 3F
1-1: Swinging Strike
1-2: Ball
2-2: Strikes out swinging
Batting: LHB Jason Schneider 0-0: Ball
1-0: Ground out 4-3 (Groundball, 4, EV 108.1 MPH)
Bottom of the 5th over - 0 runs, 1 hit, 0 errors, 1 left on base; San Diego 1 - Detroit 0
TOP OF THE 6TH
San Diego Padres batting - Pitching for Detroit Tigers : LHP Victor Casas
Batting: RHB Tony Woody 0-0: Called Strike
0-1: Ground out 4-3 (Groundball, 4M, EV 88.1 MPH)
Batting: RHB Chris Santos 0-0: Ball
1-0: Foul Ball, location: 25F
1-1: Ball
2-1: Foul Ball, location: 25F
2-2: Ball
3-2: Strikes out looking
Batting: RHB Anibal Araldes 0-0: Called Strike
0-1: Foul Ball, location: 9LSF
0-2: Ball
1-2: Foul Ball, location: 2F
1-2: Ball
2-2: Foul Ball, location: 5F
2-2: Ground out 6-3 (Groundball, 56, EV 83.1 MPH)
Top of the 6th over - 0 runs, 0 hits, 0 errors, 0 left on base; San Diego 1 - Detroit 0
BOTTOM OF THE 6TH
Detroit Tigers batting - Pitching for San Diego Padres : RHP Jamal Grasty
Pitching: RHP Ben Memon
Batting: LHB Tim Wilson 0-0: Ball
1-0: Called Strike
1-1: Called Strike
1-2: Strikes out swinging
Batting: RHB Allan Alessi 0-0: Ball
1-0: Ball
2-0: Called Strike
2-1: Ball
3-1: Called Strike
3-2: SINGLE (Line Drive, 8LS, EV 108.1 MPH)
Batting: SHB Mike Knighten 0-0: Ball
1-0: Called Strike
1-1: SINGLE (Line Drive, 9S, EV 73.1 MPH)
Allan Alessi to second
Batting: SHB Mang He 0-0: Ball
1-0: Ball
2-0: Called Strike
2-1: Ball
3-1: Base on Balls
Allan Alessi to third
Mike Knighten to second
Batting: LHB Denny Marshall 0-0: Ball
1-0: Ball
2-0: Called Strike
2-1: Fly out, F8 (Flyball, 8LXD, EV 95.0 MPH)
Runner from 3rd tags up, SCORES, no throw by CF
Pinch Runner at 2nd Edgar Navarrete:
Batting: LHB Brad Black 0-0: Ball
1-0: Ball
2-0: Swinging Strike
2-1: Swinging Strike
2-2: Strikes out looking
Bottom of the 6th over - 1 run, 2 hits, 0 errors, 2 left on base; San Diego 1 - Detroit 1
TOP OF THE 7TH
San Diego Padres batting - Pitching for Detroit Tigers : LHP Victor Casas
Now at 2B: Donald Nohl
Now at 3B: Tim Wilson
Pinch Hitting: RHB Avery Thomas 0-0: DOUBLE (Line Drive, 8RD, EV 101.3 MPH)
Batting: LHB R.J. Correll 0-0: Ball
1-0: Fly out, F9 (Flyball, 89XD, EV 98.1 MPH)
Runner from 2nd tags up, SAFE at 3rd, no throw by RF
Batting: RHB Alfredo Beltran 0-0: Ball
1-0: Ball
2-0: Called Strike
2-1: Foul Ball, location: 5SF
2-2: SINGLE (Line Drive, 3D, EV 102.5 MPH)
Avery Thomas scores
Batting: LHB Eric Schoonover 0-0: Fielders Choice at 2nd, 2-4 (Groundball, 2L, EV 71.9 MPH)
Batting: RHB Maxwell Judson 0-0: Called Strike
0-1: Ball
1-1: Swinging Strike
1-2: Strikes out looking
Top of the 7th over - 1 run, 2 hits, 0 errors, 1 left on base; San Diego 2 - Detroit 1
BOTTOM OF THE 7TH
Detroit Tigers batting - Pitching for San Diego Padres : RHP Ben Memon
Pitching: LHP Seth Oltmans
Now at SS: Bill Carlisle
Batting: RHB Fethi Yazîcîzâde 0-0: Ball
1-0: Ball
2-0: Foul Ball, location: 7LSF
2-1: Ball
3-1: Base on Balls
Pinch Hitting: RHB Steve Selmon 0-0: Fly out, F6 (Popup, 6M, EV 61.3 MPH)
Batting: LHB Jason Schneider 0-0: Swinging Strike
0-1: Ball
1-1: Foul Ball, location: 9LSF
1-2: Fly out, F8 (Flyball, 8LD, EV 90.0 MPH)
Batting: LHB Tim Wilson 0-0: Foul Ball, location: 5F
0-1: Swinging Strike
0-2: Ball
1-2: SINGLE (Line Drive, 7S, EV 96.3 MPH)
Fethi Yazîcîzâde to second
Batting: RHB Allan Alessi 0-0: Called Strike
0-1: Ground out 4-3 (Groundball, 34, EV 100.6 MPH)
Bottom of the 7th over - 0 runs, 1 hit, 0 errors, 2 left on base; San Diego 2 - Detroit 1
TOP OF THE 8TH
San Diego Padres batting - Pitching for Detroit Tigers : LHP Victor Casas
Pitching: RHP John Hernandez
Now in RF: Steve Selmon
Batting: RHB Jose Barillas 0-0: Called Strike
0-1: Foul Ball, location: 7LSF
0-2: Ball
1-2: Ball
2-2: Foul Ball, location: 5FF
2-2: Strikes out looking
Batting: RHB Tony Woody 0-0: Fly out, F8 (Flyball, 8LM, EV 82.5 MPH)
Batting: RHB Chris Santos 0-0: Ball
1-0: Called Strike
1-1: Foul Ball, location: 3DF
1-2: Ball
2-2: Ball
3-2: Ground out 6-3 (Groundball, 6, EV 83.8 MPH)
Top of the 8th over - 0 runs, 0 hits, 0 errors, 0 left on base; San Diego 2 - Detroit 1
BOTTOM OF THE 8TH
Detroit Tigers batting - Pitching for San Diego Padres : LHP Seth Oltmans
Batting: RHB Donald Nohl 0-0: Called Strike
0-1: Swinging Strike
0-2: Foul Ball, location: 5FF
0-2: Ball
1-2: Foul Ball, location: 3F
1-2: Strikes out swinging
Batting: SHB Mang He 0-0: Ball
1-0: Ball
2-0: Foul Ball, location: 3F
2-1: Ball
3-1: Base on Balls
Pitching: RHP Dan Ketterer
Batting: LHB Denny Marshall 0-0: Swinging Strike
0-1: Ball
1-1: Ball
2-1: Foul Ball, location: 2F
2-2: Strikes out looking
Batting: LHB Brad Black 0-0: Ball
1-0: Fly out, F7 (Flyball, 78S, EV 88.8 MPH)
Bottom of the 8th over - 0 runs, 0 hits, 0 errors, 1 left on base; San Diego 2 - Detroit 1
TOP OF THE 9TH
San Diego Padres batting - Pitching for Detroit Tigers : RHP John Hernandez
Batting: RHB Anibal Araldes 0-0: Ground out 2-3 (Groundball, 15S, EV 72.5 MPH)
Batting: RHB Bill Carlisle 0-0: Ball
1-0: Ball
2-0: Swinging Strike
2-1: Ball
3-1: Base on Balls
Batting: LHB R.J. Correll 0-0: Ground out 5-3 (Groundball, 5, EV 82.5 MPH)
Bill Carlisle to second
Batting: RHB Alfredo Beltran 0-0: Swinging Strike
0-1: Called Strike
0-2: Strikes out looking
Top of the 9th over - 0 runs, 0 hits, 0 errors, 1 left on base; San Diego 2 - Detroit 1
BOTTOM OF THE 9TH
Detroit Tigers batting - Pitching for San Diego Padres : RHP Dan Ketterer
Batting: RHB Fethi Yazîcîzâde 0-0: Called Strike
0-1: Ball
1-1: Foul Ball, location: 2F
1-2: Ball
2-2: Foul Ball, location: 2F
2-2: Strikes out swinging
Batting: RHB Steve Selmon 0-0: Called Strike
0-1: Fly out, F8 (Flyball, 8LXD, EV 101.3 MPH)
Batting: LHB Jason Schneider 0-0: Called Strike
0-1: Ball
1-1: Ball
2-1: Called Strike
2-2: Strikes out swinging
Bottom of the 9th over - 0 runs, 0 hits, 0 errors, 0 left on base; San Diego 2 - Detroit 1
Friday, April 12th , 2024 - OOTP Baseball 24.11 Build 85